 Dungeon Crawl Stone Soup version 0.28-a0-677-g3278d6a771 (webtiles) character file.

Game seed: 4595987754125036171

22975 KennyOmg the Warrior (level 12, -5/121 HPs)
             Began as a Minotaur Berserker on Oct 18, 2021.
             Was a High Priest of Trog.
             Killed from afar by an orc sorcerer (16 damage)
             ... with a bolt of fire
             ... led by an orc warlord
             ... on level 12 of the Dungeon.
             The game lasted 00:18:18 (18714 turns).

KennyOmg the Warrior (Minotaur Berserker)          Turns: 18714, Time: 00:18:19

Health: -5/121     AC: 19    Str: 23    XL:     12   Next: 67%
Magic:  10/11      EV: 15    Int:  8    God:    Trog [*****.]
Gold:   786        SH: 17    Dex: 10    Spells: 11/11 levels left

rFire   . . .      SeeInvis .   i - +2 dagger (venom)
rCold   . . .      Faith    .   k - +0 kite shield
rNeg    + . .      Spirit   .   I - +4 scale mail {rN+}
rPois   +          Reflect  +   (helmet restricted)
rElec   .          Harm     .   D - +0 cloak
rCorr   .          Rampage  .   N - +0 pair of gloves
Will    .....                   l - +0 pair of boots
Stlth   +.........              F - amulet of reflection
HPRegen 0.30/turn               o - ring of poison resistance
MPRegen 0.12/turn               C - +4 ring of protection

@: agile, on berserk cooldown, slowed, very slow
A: horns 2, retaliatory headbutt
a: Renounce Religion, Berserk, Trog's Hand, Brothers in Arms


You were on level 12 of the Dungeon.
You worshipped Trog.
Trog was extremely pleased with you.
You visited 2 branches of the dungeon, and saw 13 of its levels.

You collected 786 gold pieces.

Inventory:

Hand Weapons
 i - a +2 dagger of venom (weapon)
   (You took it off a goblin on level 1 of the Dungeon)
Missiles
 H - 2 throwing nets (quivered) {!f}
Armour
 k - a +0 kite shield (worn)
   (You found it on level 4 of the Dungeon)
 l - a +0 pair of boots (worn)
   (You found it on level 1 of the Dungeon)
 D - a +0 cloak (worn)
   (You found it on level 8 of the Dungeon)
 I - a +4 scale mail of positive energy (worn)
   (You took it off Harold on level 10 of the Dungeon)
 N - a +0 pair of gloves (worn)
   (You found it on level 12 of the Dungeon)
Jewellery
 e - an amulet of regeneration
   (You took it off an orc on level 12 of the Dungeon)
 o - a ring of poison resistance (left hand)
   (You found it on level 3 of the Dungeon)
 C - a +4 ring of protection (right hand)
   (You found it on level 8 of the Dungeon)
 F - an amulet of reflection (around neck)
   (You found it on level 6 of the Dungeon)
Wands
 u - a wand of paralysis (26)
   (You found it on level 10 of the Dungeon)
 v - a wand of digging (1)
   (You found it on level 11 of the Dungeon)
 x - a wand of acid (7)
   (You found it on level 6 of the Dungeon)
 A - a wand of polymorph (13)
   (You found it on level 7 of the Dungeon)
Scrolls
 d - a scroll of noise {unknown}
 g - 18 scrolls of identify {unknown}
 h - 8 scrolls of teleportation {unknown}
 q - 5 scrolls of fog {unknown}
 r - 2 scrolls of fear {unknown}
 w - a scroll of enchant armour {unknown}
 y - a scroll of magic mapping {unknown}
 E - a scroll of amnesia {unknown}
 G - a scroll of torment {unknown}
 L - a scroll of enchant weapon {unknown}
 M - a scroll of vulnerability {unknown}
 O - a scroll of holy word {unknown}
Potions
 a - a potion of experience {unknown}
 b - a potion of mutation {unknown}
 c - 2 potions of attraction {unknown}
 f - 4 potions of heal wounds {unknown}
 j - 2 potions of flight {unknown}
 m - a potion of brilliance {unknown}
 n - 4 potions of curing {unknown}
 p - 3 potions of ambrosia {unknown}
 s - a potion of invisibility {unknown}
 t - 3 potions of haste {@q3}
 z - 2 potions of might {unknown}
 B - 2 potions of lignification {unknown}
 J - 2 potions of cancellation {unknown}


   Skills:
 + Level 15.3 Fighting
 - Level 10.0 Short Blades
 - Level 4.4 Axes
 + Level 6.7 Armour
 - Level 2.1 Dodging
 + Level 4.7 Stealth
 - Level 15.0 Shields


You had 11 spell levels left.
You didn't know any spells.
Your spell library was empty.

Dungeon Overview and Level Annotations

Branches:
Dungeon (12/15)            Temple (0/1) D:6            Lair (0/6) D:9
    Orc (1/2) D:12

Altars:
Elyvilon
Hepliaklqana
Kikubaaqudgha
Nemelex Xobeh
Okawaru
Qazlal
Vehumet
Wu Jian
Zin
The Shining One
Beogh

Shops:
D:2 :


Innate Abilities, Weirdness & Mutations

You have a pair of horns on your head.
You reflexively headbutt those who attack you in melee.


Message History

You feel very sick. You block the soul eater's attack.
The orc hits you with a +0 club.
* * * LOW HITPOINT WARNING * * *
You block the orc warrior's attack. The chaos spawn closely misses you.
The orc closely misses you.
The orc warrior hits you from afar with a +0 trident.
* * * LOW HITPOINT WARNING * * *
You climb upwards.
Welcome back to the Dungeon!
The chaos spawn degenerates into a cloud of primal chaos!
Reactivating autopickup.
You feel a strong urge to attack something.
You feel very sick.
There is a staircase to the Orcish Mines here.
Unknown command.
Unknown command.
Unknown command.
Unknown command.
You feel sick. The orc warrior misses you. The orc misses you.
The orc barely misses you.
You see here a +0 hand axe.
You feel your anger nearly subside.
You feel sick.
You are no longer berserk.
You are exhausted.
You feel yourself slow down.
You feel sick.
You feel sick.
The orc sorcerer no longer looks unusually strong.
The orc sorcerer mumbles some strange words.
You block the orc warrior's attack.
You feel sick.
The orc no longer looks unusually strong.
You block the orc warrior's attack.
You feel sick. You block the orc's attack.
You feel sick.
You feel sick.
You are no longer poisoned.
You block the orc's attack.
There is an open door here.
You block the orc's attack. The orc completely misses you.
The orc sorcerer gestures wildly while chanting.
The neqoxec barely misses you. The orc misses you. You furiously retaliate!
You headbutt the orc, but do no damage.
Things that are here:
a +0 giant spiked club; a +0 giant club The orc sorcerer casts a spell at you.
The bolt of fire hits you!
You die...

##########
#.########.#.##
)>$..#.'.# #.# #.###
.)[..#.#.## ##.## #O#
.).3.#o#.o#####...##
#.#
..o.oo3#.#o..3.....#
#.#
)......####.##.....#
#.# .#....≈#
##o#.oo..# #.#
.#...≈.# ##...)..# #.#
######## ##o.@..# #.#
#.# ##..### #.# #.#
##)# #.# ######.# #.#
#)#
[......#########.#####
#.#
######...............#
#.#
...###.#########.###.#
#.# #............# #.#
#O# #<#
.....#.#####.###.# #.#
#.#


You could see a neqoxec (summoned), an orc sorcerer, an orc warrior and 2 orcs.

Vanquished Creatures
  Fannar (D:12)
  A boulder beetle (D:6)
  Harold (D:10)
  3 two-headed ogres
  A death knight (D:12)
  Nergalle (D:12)
  2 deep elf pyromancers
  A cyclops (D:12)
  A manticore (D:11)
  Psyche (D:12)
  A komodo dragon (D:12)
  4 trolls
  10 slime creatures (D:12)
  3 shadows
  A vampire (D:10)
  26 yaks
  A wraith (D:12)
  A basilisk (D:12)
  2 steam dragons
  7 vampire mosquitoes
  An acid dragon (D:6)
  Duvessa (D:5)
  A water moccasin (D:6)
  2 ice beasts
  A swamp drake (D:12)
  13 orc warriors
  A sky beast (D:6)
  2 ogres
  A necrophage (D:7)
  2 wolves (D:9)
  5 centaurs
  A bullfrog (D:7)
  Dowan (D:5)
  2 water moccasin skeletons
  23 killer bees
  5 wights (D:8)
  4 howler monkeys
  4 electric eels
  4 centaur zombies
  A quasit (D:5)
  4 jellies
  9 orc priests
  2 bullfrog skeletons
  7 hounds
  An iguana (D:5)
  14 orc wizards
  2 hound skeletons (D:4)
  3 adders
  A gnoll (D:1)
  A shadow imp (D:5)
  A white imp (D:7)
  A worm (D:2)
  2 dart slugs
  61 orcs
  7 ball pythons
  5 endoplasms
  3 giant cockroaches
  4 goblins
  4 hobgoblins
  5 jackals
  6 kobolds
  4 quokkas
  4 bats
  A goblin skeleton (D:5)
  3 goblin zombies (D:5)
  A hobgoblin zombie (D:5)
  2 kobold skeletons (D:5)
  5 rats
307 creatures vanquished.

Vanquished Creatures (collateral kills)
  A hydra (D:12)
  A two-headed ogre (D:12)
2 creatures vanquished.

Vanquished Creatures (others)
  2 orc wizards
  2 orcs (D:9)
  A plant (D:8)
5 creatures vanquished.

Grand Total: 314 creatures vanquished

Notes
Turn   | Place    | Note
-------+----------+-------------------------------------------
     0 | D:1      | KennyOmg the Minotaur Berserker began the quest for the
                  | Orb.
     0 | D:1      | Reached XP level 1. HP: 19/19 MP: 0/0
     3 | D:1      | Noticed an octopode
     3 | D:1      | Noticed a troll
     5 | D:1      | Noticed a minotaur
     5 | D:1      | Noticed a vampire
     7 | D:1      | Noticed a gargoyle
     9 | D:1      | Noticed a demigod
     9 | D:1      | Noticed an ogre
    11 | D:1      | Noticed a felid
    14 | D:1      | Noticed a tengu
    14 | D:1      | Noticed a human
    16 | D:1      | Noticed a spriggan
    18 | D:1      | Noticed a dwarf
    20 | D:1      | Noticed a ghoul
    20 | D:1      | Noticed a draconian
    22 | D:1      | Noticed a demonspawn
    24 | D:1      | Noticed a formicid
    24 | D:1      | Noticed a vine stalker
    26 | D:1      | Noticed a naga
    26 | D:1      | Noticed an elf
    28 | D:1      | Noticed a merfolk
   241 | D:1      | Reached XP level 2. HP: 21/27 MP: 1/1
   580 | D:1      | Reached skill level 1 in Short Blades
   580 | D:1      | Reached XP level 3. HP: 27/33 MP: 2/2
   845 | D:2      | Found a faded altar of an unknown god.
   968 | D:2      | Found Otrikk's Book Emporium.
  1498 | D:3      | Reached ** piety under Trog
  1537 | D:3      | Reached XP level 4. HP: 14/41 MP: 3/3
  2617 | D:4      | Reached XP level 5. HP: 47/47 MP: 4/4
  2693 | D:4      | Reached skill level 5 in Fighting
  2726 | D:4      | Found a stormy altar of Qazlal.
  2857 | D:4      | Noticed an ogre
  2873 | D:4      | Killed an ogre
  2874 | D:4      | Reached skill level 1 in Shields
  2874 | D:4      | Reached XP level 6. HP: 5/56 MP: 5/5
  3486 | D:5      | Entered Level 5 of the Dungeon
  3498 | D:5      | Found a glowing golden altar of the Shining One.
  3505 | D:5      | Reached *** piety under Trog
  3697 | D:5      | Reached skill level 5 in Short Blades
  3708 | D:5      | Found an ornate altar of the Wu Jian Council.
  3709 | D:5      | Found a hazy altar of Hepliaklqana.
  3837 | D:5      | Noticed an ice beast
  3847 | D:5      | Killed an ice beast
  3848 | D:5      | Reached XP level 7. HP: 62/62 MP: 6/6
  4048 | D:5      | Found an ancient bone altar of Kikubaaqudgha.
  4050 | D:5      | Noticed Dowan
  4050 | D:5      | Noticed Duvessa
  4076 | D:5      | Killed Dowan
  4080 | D:5      | Killed Duvessa
  4801 | D:6      | Noticed a troll
  4832 | D:6      | Killed a troll
  5277 | D:6      | Reached XP level 8. HP: 71/71 MP: 7/7
  5358 | D:6      | Found an iron altar of Okawaru.
  5415 | D:6      | Found a staircase to the Ecumenical Temple.
  6004 | D:6      | Reached skill level 5 in Shields
  6339 | D:6      | Noticed a boulder beetle
  6358 | D:6      | Killed a boulder beetle
  6359 | D:6      | Reached XP level 9. HP: 31/81 MP: 8/8
  6863 | D:7      | Noticed a troll
  6920 | D:7      | Killed a troll
  7292 | D:7      | Noticed a two-headed ogre
  7312 | D:7      | Reached skill level 10 in Short Blades
  7337 | D:7      | Killed a two-headed ogre
  7378 | D:7      | Identified the +3 leather armour "Teptise" {Rampage Fly
                  | rElec rF-}
  7561 | D:7      | Found a radiant altar of Vehumet.
  7782 | D:7      | Reached skill level 10 in Fighting
  8336 | D:8      | Reached XP level 10. HP: 65/91 MP: 9/9
  8776 | D:8      | Reached **** piety under Trog
  9767 | D:8      | Noticed a two-headed ogre
  9773 | D:8      | Killed a two-headed ogre
  9774 | D:8      | Reached skill level 10 in Shields
  9867 | D:8      | Noticed a deep elf pyromancer
  9876 | D:8      | Killed a deep elf pyromancer
 10305 | D:8      | Found a white marble altar of Elyvilon.
 11185 | D:9      | Reached XP level 11. HP: 59/105 MP: 10/10
 11502 | D:9      | Found a staircase to the Lair.
 11624 | D:9      | Reached ***** piety under Trog
 12427 | D:9      | Found a sparkling altar of Nemelex Xobeh.
 12652 | D:10     | Entered Level 10 of the Dungeon
 13268 | D:10     | Noticed Harold
 13291 | D:10     | Killed Harold
 13771 | D:10     | Found a glowing silver altar of Zin.
 14722 | D:11     | Reached skill level 1 in Stealth
 15595 | D:12     | Noticed a deep elf pyromancer
 15609 | D:12     | Killed a deep elf pyromancer
 15833 | D:12     | Noticed a two-headed ogre
 15843 | D:12     | Killed a two-headed ogre
 16070 | D:12     | Reached XP level 12. HP: 114/118 MP: 11/11
 16516 | D:12     | Noticed Nergalle
 16524 | D:12     | Noticed Fannar
 16537 | D:12     | Killed Nergalle
 16538 | D:12     | Reached skill level 5 in Armour
 16559 | D:12     | Killed Fannar
 16838 | D:12     | Noticed Psyche
 16844 | D:12     | Killed Psyche
 17067 | D:12     | Found a glowing silver altar of Zin.
 17067 | D:12     | Noticed an angel
 17448 | D:12     | Noticed a death knight
 17472 | D:12     | Killed a death knight
 17752 | D:12     | Found a staircase to the Orcish Mines.
 17768 | D:12     | Reached skill level 15 in Shields
 17774 | D:12     | Received a gift from Trog
 17899 | D:12     | Noticed a two-headed ogre
 17911 | D:12     | Reached skill level 15 in Fighting
 17921 | D:12     | Noticed an eight-headed hydra
 17935 | D:12     | Noticed a two-headed ogre
 18126 | D:12     | Killed a two-headed ogre
 18127 | D:12     | Killed an eight-headed hydra
 18660 | Orc:1    | Entered Level 1 of the Orcish Mines
 18665 | Orc:1    | Noticed an orc warlord
 18690 | Orc:1    | Paralysed by an orc sorcerer for 4 turns
 18714 | D:12     | Killed from afar by an orc sorcerer

Illustrated notes

Levels and vault maps discovered:
D:1:      kb_arrival_jail, layout_basic
D:2:      layout_basic, serial_shops, shop,
          shapermc_ecumenical_altar_mp_highgroup
D:3:      layout_loops_ring
D:4:      layout_loops_ring, nicolae_qazlal_eye_of_the_storm
D:5:      layout_loops_ring, grunt_temple_overflow_open,
          nicolae_tso_besieged_by_evil, kiku_gazebo_pond_becter, uniq_duvessa
D:6:      minmay_cornered_nines, layout_gridville, mainiacjoe_overflow_alcove_4,
          minmay_temple_entry_wispy, minmay_misc_feat_rows
D:7:      layout_rooms, lemuel_coloured_pillars_altar, kb_rosetta
D:8:      layout_loops_corners, nicolae_elyvilon_temple_path,
          guppyfry_early_elven_hall
D:9:      layout_roguey, amcnicky_altar_gilded, erik_lair_island
D:10:     layout_loops_cross, lemuel_tele_altar, kennysheep_generic_room_5,
          uniq_harold
D:11:     layout_basic
D:12:     layout_loops_ring, erik_orc_1, zin_angel, uniq_psyche, uniq_fannar,
          uniq_nergalle
Orc:1:    layout_caves, basic_altar, enter_bailey_3, bloody_makhleb

Skill      XL: |  1  2  3  4  5  6  7  8  9 10 11 12 |
---------------+-------------------------------------+-----
Axes           | 4 |  4.4
Fighting       | 4 5 6 8 10 12 14 15 | 15.3
Short Blades   | 1 2 3 4 5 7 9 10 | 10.0
Shields        | 1 2 4 6 8 11 14 15 | 15.0
Armour         | 4 6 |  6.7
Stealth        | 2 4 |  4.7
Dodging        | |  2.1

Action                   |  1- 3 |  4- 6 |  7- 9 | 10-12 || total
-------------------------+-------+-------+-------+-------++-------
Melee: Hand axe          |    25 |       |       |       ||    25
       Headbutt          |    11 |    30 |    55 |   309 ||   405
       Dagger            |    46 |   127 |   224 |  1143 ||  1540
Invok: Berserk           |       |     1 |     3 |     7 ||    11
       Trog's Hand       |       |       |     2 |       ||     2
       Brothers in Arms  |       |       |       |     4 ||     4
Evoke: Wand              |       |       |       |     9 ||     9
 Stab: Confused          |       |       |       |     2 ||     2
Armor: Animal skin       |     6 |       |       |       ||     6
       Ring mail         |     9 |    15 |       |       ||    24
       Chain mail        |       |    44 |    50 |       ||    94
       Plate armour      |       |       |    33 |   118 ||   151
       Scale mail        |       |       |       |   126 ||   126
Dodge: Dodged            |    40 |    42 |    35 |   148 ||   265
Block: Kite shield       |       |    23 |   144 |   592 ||   759
       Reflection        |       |       |     7 |    11 ||    18

Table legend: (Time is in decaauts)
 A = Elapsed time spent in this place.
 B = Non-inter-level travel time spent in this place.
 C = Inter-level travel time spent in this place.
 D = Time resting spent in this place.
 E = Time spent auto-exploring this place.
 F = Levels seen in this place.
 G = Mean time per level.
                   A        B        C        D        E       F      G
               +--------+--------+--------+--------+--------+-----+--------+
         Total |  18254 |  17990 |    264 |   7313 |   8184 |  13 | 1404.2 |
       Dungeon |  18235 |  17971 |    264 |   7313 |   8184 |  12 | 1519.6 |
  Orcish Mines |     18 |     18 |      0 |      0 |      0 |   1 |   18.0 |
               +--------+--------+--------+--------+--------+-----+--------+

Top non-repeatable levels by time:
    D:12: 2948 daAuts
     D:8: 2271 daAuts
     D:6: 1967 daAuts
     D:9: 1942 daAuts
     D:7: 1640 daAuts
    D:10: 1576 daAuts
    D:11: 1213 daAuts
     D:5: 1198 daAuts
     D:3: 1113 daAuts
     D:4: 881 daAuts
     D:1: 782 daAuts
     D:2: 698 daAuts
   Orc:1: 18 daAuts
